 Dungeon Crawl Stone Soup version 0.30-a0-1116-gebefce21f7 (webtiles) character file.

Game seed: 14375661411469541889

35 sircluck the Trooper (level 3, -4/33 HPs)
             Began as a Hill Orc Fighter on Apr 21, 2023.
             Slain by Terence
             ... wielding a +0 trident
              (5 damage)
             ... on level 2 of the Dungeon.
             The game lasted 00:01:13 (970 turns).

sircluck the Trooper (Hill Orc Fighter)              Turns: 970, Time: 00:01:13

Health: -4/33      AC:  7    Str: 20    XL:     3   Next: 35%
Magic:  3/3        EV:  9    Int:  8    God:
Gold:   44         SH:  4    Dex: 10    Spells: 2/2 levels left

rFire   . . .      SeeInvis .    a - +0 war axe
rCold   . . .      Faith    .    c - +0 buckler
rNeg    . . .      Spirit   .    b - +0 scale mail
rPois   .          Reflect  .    (no helmet)
rElec   .          Rampage  .    (no cloak)
rCorr   .                        (no gloves)
Will    .....                    (no boots) Stlth
                                 (no amulet)
HPRegen 0.25/turn                (no ring)
MPRegen 0.08/turn                (no ring)

@: no status effects
A: no striking features
a: no special abilities


You were on level 2 of the Dungeon.
You visited 1 branch of the dungeon, and saw 2 of its levels.

You collected 44 gold pieces.

Inventory:

Hand Weapons
 a - a +0 war axe (weapon)
Missiles
 f - 5 stones (quivered)
Armour
 b - a +0 scale mail (worn)
 c - a +0 buckler (worn)
Scrolls
 e - a scroll of magic mapping
 g - a scroll of immolation {unknown}
Potions
 d - 2 potions of might


   Skills:
 + Level 4.1 Fighting
 + Level 3.4 Axes
 + Level 3.7 Armour
 + Level 3.6 Shields


You had 2 spell levels left.
You didn't know any spells.
Your spell library was empty.

Dungeon Overview and Level Annotations

Branches:
Dungeon (2/15)

Altars:

Annotations:
D:2 Terence


Message History

Terence the Incautious comes into view.
He is wielding a +0 trident.
The endoplasm quivers.
There are monsters nearby!
There are monsters nearby!
There are monsters nearby!
Found a stone staircase leading down.
The endoplasm misses you.
You see here a dart slug corpse.
You barely miss the endoplasm. The endoplasm freezes you.
You are frozen.
You barely miss the endoplasm. The endoplasm closely misses you.
You hit the endoplasm.
The endoplasm is moderately wounded.
You block the endoplasm's attack. The endoplasm closely misses you.
You slash the endoplasm!
You kill the endoplasm!
Terence screams, "I'm going to kill you!"
Terence hits you but does no damage. Terence hits you with a +0 trident.
You hit Terence but do no damage. Terence hits you with a +0 trident. x2
You are too injured to fight recklessly!
You are too injured to fight recklessly!
You are too injured to fight recklessly!
You are too injured to fight recklessly!
You are too injured to fight recklessly!
You are too injured to fight recklessly!
You are too injured to fight recklessly!
You barely miss Terence. You block Terence's attack.
You hit Terence.
Terence is lightly wounded.
Terence shouts, "Get ready for death!"
Terence closely misses you.
You hit Terence but do no damage.
Terence is lightly wounded.
Terence hits you with a +0 trident. Terence hits you with a +0 trident!
* * * LOW HITPOINT WARNING * * *
As you read the scroll labelled PIABLETEOR, it crumbles to dust.
You feel aware of your surroundings.
It was a scroll of magic mapping.
Terence hits you with a +0 trident.
You die...

**,,,,,,,,,,>**,,,,,,,,..#
**,*,*,,**,,,**,*******#.#
**,*,*,,**,,,,*,* #.#
,,,,,,,,##*,,,*,**### #.#
,,,,,,,,,>.,,,,,,,..# #.#
**,,,,,,,,..,,****#.####.#####
***,*****,,#.,* #.##.......#
**,*****##.#..#####.##.#.###.#
,,,***,,.......†@......#.# #.#
,,,,,,,,.........@.?####.# #.#
,,,,,,,,......####..#
#>###.#### ,,,*,*,*.###.#*
#..# #......... ,,,**,,,**
#.****#..# ####.#####
*,****,** #,,,,,...#** #.....#
*,*,,,,* *,,,,.....,* #####.#
*,*,**** *,,**##@##.* *,*
*,*,* *,,* *.#*.* *,*


You could see Terence.

Vanquished Creatures
  An adder (D:2)
  2 dart slugs
  An endoplasm (D:2)
  A goblin (D:1)
  7 hobgoblins
  A kobold (D:1)
  A quokka (D:1)
  A frilled lizard (D:1)
  7 rats
22 creatures vanquished.

Notes
Turn   | Place    | Note
-------+----------+-------------------------------------------
     0 | D:1      | sircluck the Hill Orc Fighter began the quest for the Orb.
     0 | D:1      | Reached XP level 1. HP: 19/19 MP: 1/1
   284 | D:1      | Reached XP level 2. HP: 26/27 MP: 2/2
   949 | D:2      | Reached skill level 4 in Fighting
   949 | D:2      | Reached XP level 3. HP: 33/33 MP: 3/3
   958 | D:2      | Noticed Terence
   969 | D:2      | HP: 1/33 [Terence/+0 trident (10)]
   970 | D:2      | Slain by Terence

Illustrated notes

Levels and vault maps discovered:
D:1:      eino_arrival_water_cross, layout_basic, minmay_misc_feat_nine_boxes
D:2:      layout_loops_ring, corexii_corridor_pit, lightli_corner_chamber,
          uniq_terence

Skill      XL: |  1  2 |
---------------+-------+-----
Axes           | 3 |  3.4
Fighting       | 4 |  4.1
Armour         | |  3.7
Shields        | |  3.6

Action                     || total
---------------------------++-------
  Melee: War axe           ||    74
    Use: Scroll            ||     1
 Armour: Scale mail        ||    27
  Dodge: Dodged            ||    32
  Block: Buckler           ||    13

Table legend: (Time is in decaauts)
 A = Elapsed time spent in this place.
 B = Non-inter-level travel time spent in this place.
 C = Inter-level travel time spent in this place.
 D = Time resting spent in this place.
 E = Time spent auto-exploring this place.
 F = Levels seen in this place.
 G = Mean time per level.
                   A        B        C        D        E       F      G
               +--------+--------+--------+--------+--------+-----+--------+
         Total |    999 |    877 |    122 |      0 |    704 |   2 |  499.5 |
       Dungeon |    999 |    877 |    122 |      0 |    704 |   2 |  499.5 |
               +--------+--------+--------+--------+--------+-----+--------+

Top non-repeatable levels by time:
     D:1: 940 daAuts
     D:2: 59 daAuts
